 Dungeon Crawl Stone Soup version 0.28-a0-938-gbc3f381ebc (webtiles) character file.

Game seed: 12680768299199023953

218069 Armakuni the Scorcher (level 19, -1/126 HPs)
             Began as a Human Conjurer on Nov 20, 2021.
             Was the Champion of Vehumet.
             Killed from afar by Nikola (44 damage)
             ... with an arc of chain lightning
             ... on level 4 of the Snake Pit on Nov 28, 2021.
             The game lasted 02:16:56 (40638 turns).

Armakuni the Scorcher (Human Conjurer)             Turns: 40638, Time: 02:16:56

Health: -1/126     AC: 17    Str: 13    XL:     19   Next: 31%
Magic:  37/48      EV: 11    Int: 28    God:    Vehumet [******]
Gold:   683        SH:  0    Dex: 14    Spells: 3/50 levels left

rFire   + . .      SeeInvis .   a - +9 quarterstaff of Ettuiman {speed, MP+9}
rCold   . . .      Faith    .   (shield currently unavailable)
rNeg    + . .      Spirit   .   d - +2 swamp dragon scales
rPois   +          Reflect  .   V - +2 helmet {Int+3}
rElec   .          Harm     .   H - scarf {repulsion}
rCorr   .          Rampage  .   i - +2 pair of gloves
Will    ++++.                   (no boots)
Stlth   +.........              R - amulet "Beter" {rC+ rN+ Regen+}
HPRegen 1.11/turn               W - ring of Astriukk {Fire Contam Will+++}
MPRegen 0.31/turn               I - +6 ring of intelligence

@: repel missiles
A: no striking features
}: 2/15 runes: decaying, serpentine
a: Renounce Religion


You were on level 4 of the Snake Pit.
You worshipped Vehumet.
Vehumet was exalted by your worship.
You visited 6 branches of the dungeon, and saw 32 of its levels.
You also visited: Ice Cave and Volcano.

You collected 4119 gold pieces.
You spent 3436 gold pieces at shops.

Inventory:

Hand Weapons
 a - the +9 quarterstaff of Ettuiman (weapon) {speed, MP+9}
   (You found it on level 5 of the Lair of Beasts)

   Attacks with this weapon are significantly faster.
   MP:        It affects your magic capacity (+9).
 f - a +6 vampiric broad axe
Missiles
 F - 3 throwing nets
Armour
 d - +2 swamp dragon scales (worn)
 i - a +2 pair of gloves (worn)
 B - the +8 pearl dragon scales of Gallantry {rPois rN+ Dex+2}
   (You took it off a crimson imp on level 10 of the Dungeon)

   Dex:       It affects your dexterity (+2).
   rPois:     It protects you from poison.
   rN:        It protects you from negative energy.
 H - a scarf of repulsion (worn)
 V - a +2 helmet of intelligence (worn)
Magical Staves
 b - a staff of conjuration
Jewellery
 D - a ring of resist corrosion
 E - the ring "Dunlif" {Fly rElec Str+2}
   (You acquired it on level 6 of the Lair of Beasts)

   [ring of flight]

   Str:       It affects your strength (+2).
   rElec:     It insulates you from electricity.
   Fly:       It grants you flight.
 I - a +6 ring of intelligence (right hand)
 K - the ring "Hacwegen" {rPois rCorr}
   (You found it on level 5 of the Dungeon)

   [ring of resist corrosion]

   rPois:     It protects you from poison.
   rCorr:     It protects you from acid and corrosion.
 R - the amulet "Beter" (around neck) {rC+ rN+ Regen+}
   (You took it off an orc wizard on level 6 of the Dungeon)

   [amulet of regeneration]

   rC:        It protects you from cold.
   rN:        It protects you from negative energy.
   Regen:     It increases your rate of health regeneration.
 W - the ring of Astriukk (left hand) {Fire Contam Will+++}
   (You bought it in a shop on level 2 of the Orcish Mines)

   [ring of fire]

   It enhances your fire magic.
   rF:        It protects you from fire.
   rC:        It makes you vulnerable to cold.
   Contam:    It causes magical contamination when unequipped.
   Will:      It greatly increases your willpower.
Wands
 c - a wand of charming (8)
 h - a wand of acid (22)
 l - a wand of digging (20)
 p - a wand of polymorph (3)
 r - a wand of paralysis (20)
 v - a wand of flame (42)
Scrolls
 g - 6 scrolls of immolation
 j - 2 scrolls of vulnerability
 n - a scroll of silence
 q - 7 scrolls of blinking
 x - 5 scrolls of amnesia
 y - 4 scrolls of magic mapping
 C - 6 scrolls of noise
 L - 6 scrolls of identify
 O - 4 scrolls of summoning
 P - 4 scrolls of fog
 T - 5 scrolls of teleportation
Potions
 e - 9 potions of flight
 k - 3 potions of brilliance
 o - 3 potions of magic
 s - 8 potions of heal wounds
 u - a potion of invisibility
 w - 2 potions of berserk rage
 z - 3 potions of ambrosia
 A - 9 potions of curing
 J - 6 potions of mutation
 N - 4 potions of might
 Q - 3 potions of lignification
 X - 2 potions of haste
 Z - 4 potions of cancellation
Miscellaneous
 m - a phantom mirror
 t - a phial of floods
 M - a condenser vane


   Skills:
 - Level 5.1 Fighting
 - Level 2.5 Maces & Flails
 + Level 6.2 Armour
 - Level 3.3 Dodging
 - Level 2.0 Stealth
 - Level 16.0 Spellcasting
 - Level 15.0 Conjurations
 - Level 6.0 Summonings
 - Level 2.0 Translocations
 - Level 19.8 Fire Magic
 - Level 10.0 Earth Magic
 - Level 2.5 Evocations


You had 3 spell levels left.
You knew the following spells:

 Your Spells              Type           Power      Damage    Failure   Level
a - Apportation           Tloc           66%        N/A       1%          1
f - Fireball              Conj/Fire      55%        3d21      1%          5
i - Ignition              Fire           58%        3d16      2%          8
j - Freezing Cloud        Conj/Ice/Air   25%        6-21      4%          5
m - Iskenderun's Mystic   Conj/Tloc      63%        2d13      1%          4
o - Orb of Destruction    Conj           41%        9d14      2%          7
s - Scorch                Fire           100%       2d10      0%          2
w - Wereblood             Tmut           22%        N/A       6%          2
z - Iron Shot             Conj/Erth      37%        9d7       1%          6
S - Spellforged Servitor  Conj/Summ      34%        N/A       13%         7

Your spell library contained the following spells:

 Spells                   Type           Power      Damage    Failure   Level
 Maxwell's Capacitive Co  Air            11%        ∞         100%        8
 Magic Dart               Conj           100%       1d8       0%          1
 Searing Ray              Conj           100%       2d8       0%          2
 Freeze                   Ice            88%        1d10      1%          1
 Summon Small Mammal      Summ           100%       N/A       1%          1
 Call Imp                 Summ           54%        N/A       1%          2
 Poisonous Vapours        Pois/Air       44%        N/A       1%          2
 Call Canine Familiar     Summ           54%        N/A       1%          3
 Dazzling Flash           Conj/Hex       100%       N/A       1%          3
 Mephitic Cloud           Conj/Pois/Air  50%        N/A       1%          3
 Animate Skeleton         Necr           44%        N/A       4%          1
 Beastly Appendage        Tmut           44%        N/A       4%          1
 Slow                     Hex            88%        N/A       4%          1
 Sting                    Tmut/Pois      88%        1d7       4%          1
 Gell's Gravitas          Tloc           33%        N/A       5%          3
 Lesser Beckoning         Tloc           33%        N/A       5%          3
 Teleport Other           Tloc           33%        N/A       5%          3
 Ensorcelled Hibernation  Hex/Ice        44%        N/A       6%          2
 Portal Projectile        Hex/Tloc       56%        N/A       9%          3
 Confusing Touch          Hex            22%        N/A       12%         3
 Spider Form              Tmut/Pois      22%        N/A       12%         3
 Tukima's Dance           Hex            22%        N/A       12%         3
 Animate Armour           Summ/Erth      100%       N/A       1%          4
 Fulminant Prism          Conj/Hex       29%        3d14      1%          4
 Iskenderun's Battlesphe  Conj           82%        2d13      1%          5
 Starburst                Conj/Fire      55%        6d15      1%          6
 Leda's Liquefaction      Hex/Erth       25%        N/A       5%          4
 Petrify                  Tmut/Erth      50%        N/A       5%          4
 Conjure Ball Lightning   Conj/Air       29%        3x3d8     8%          6
 Olgreb's Toxic Radiance  Pois           22%        N/A       11%         4
 Summon Forest            Summ/Tloc      22%        N/A       22%         5
 Yara's Violent Unravell  Hex/Tmut       11%        3d6       28%         5
 Summon Mana Viper        Hex/Summ       39%        N/A       32%         5
 Ice Form                 Ice/Tmut       22%        N/A       38%         4
 Summon Cactus Giant      Summ           27%        N/A       47%         6
 Statue Form              Tmut/Erth      33%        N/A       63%         6
 Blade Hands              Tmut           11%        N/A       75%         5
 Metabolic Englaciation   Hex/Ice        11%        N/A       75%         5


Dungeon Overview and Level Annotations

Branches:
Dungeon (15/15)            Temple (1/1) D:6            Lair (6/6) D:9
  Swamp (4/4) Lair:4        Snake (4/4) Lair:4        Slime (0/5) Lair:6
    Orc (2/2) D:11            Elf (0/3) Orc:2        Vaults (0/5) D:14
 Depths (0/4) D:15          IceCv (visited)         Volcano (visited)

Altars:
Ashenzari
Cheibriados
Dithmenos
Elyvilon
Fedhas
Gozag
Hepliaklqana
Kikubaaqudgha
Makhleb
Nemelex Xobeh
Okawaru
Qazlal
Ru
Sif Muna
Trog
Uskayaw
Vehumet
Wu Jian
Xom
Yredelemnul
Zin
The Shining One
Beogh
Jiyva

Shops:
D:5 *   D:7 ?   D:14 *(   Orc:2 [=(!   Snake:4 !!?[

Portals:
Bazaar: Snake:3

Annotations:
Snake:4 Nikola


Message History

Moving in this stuff is going to be slow.
You see here a +0 hand axe.
You enter the shallow water.
Moving in this stuff is going to be slow.
You enter the shallow water.
Moving in this stuff is going to be slow.
You enter the shallow water.
Moving in this stuff is going to be slow.
Things that are here:
a shock serpent skeleton; a sea snake skeleton You see here a black mamba corpse.
Things that are here:
a black mamba corpse; a black mamba corpse
Items here: )) [ ††.
Nikola the Mad Inventor comes into view.
He is wielding a +3 rapier of electrocution.
Nikola shouts!
Casting: Fireball (safe; 1% risk of failure)
Confirm with . or Enter, or press ? or * to list all spells.
You feel a surge of power!
Flames lash Nikola.
Nikola is lightly wounded.
Nikola's fire resistance burns away.
Nikola warns, "If you see one of my golems, approach with caution, they bite."
Casting: Scorch (safe; 0% risk of failure)
Confirm with . or Enter, or press ? or * to list all spells.
Aiming: Fireball (safe; 1% risk of failure)
Press: ? - help, Shift-Dir - straight line, f - Nikola
Aim: Nikola, wielding a +3 rapier of electrocution, wearing a +0 cloak and wearing a +0 pair of gloves (lightly wounded, more vulnerable to fire)
You feel a surge of power!
The fireball explodes!
The fireball engulfs Nikola!!!!
Nikola is burned terribly!
Nikola is heavily wounded.
Nikola gestures at you while chanting. The bolt of lightning hits you!!! x2
Casting: Fireball (safe; 1% risk of failure)
Confirm with . or Enter, or press ? or * to list all spells.
You erupt in a blast of force!
The mystic blast hits Nikola!
Nikola is heavily wounded.
Nikola is knocked back by the mystic blast.
Nikola mumbles some strange words.
Lightning arcs from Nikola's hands!
The bolt of lightning hits you!!!
You die...

##.....#.#....#
#.....#.......#
#...#######..##
#...#######...#
#(.......##..###
#....#.##......##
##..########.#..#
# #...# ##..####
#.@## ####...
#...# #...#
#$...# #..##
##....# ##..##
##...@# #...##
#....# ##..###
#...# ##....#.
#... ##.......
#....##'#


You could see Nikola (combustible).

Vanquished Creatures
  2 tentacled monstrosities (Swamp:3)
  2 quicksilver dragons (Snake:4)
  A thorn hunter (Swamp:3)
  5 nagarajas
  A frost giant (IceCv)
  A dire elephant (D:15)
  A red draconian (Volcano)
  2 bunyips
  Snorg (Lair:5)
  4 eleionomae
  Josephine (D:15)
  A shambling mangrove (Swamp:4)
  A fire dragon (Lair:6)
  14 naga warriors
  Erolcha (Orc:1)
  23 hydras
  4 ghost crabs
  2 ogre magi
  A catoblepas (D:14)
  7 anacondas
  A salamander tyrant (Snake:3)
  6 centaur warriors
  5 boulder beetles
  6 alligators
  6 two-headed ogres
  7 shock serpents
  A shock serpent (shapeshifter) (D:15)
  8 death yaks
  9 naga sharpshooters
  2 tengu warriors
  Sonja (D:13)
  Nergalle (D:10)
  3 goliath frogs
  3 salamander mystics
  5 bog bodies
  2 spriggan druids
  A death drake (Swamp:4)
  12 swamp dragons
  4 sea snakes (Snake:4)
  4 orc knights
  2 naga ritualists
  A lindwurm (Lair:6)
  2 deep elf pyromancers
  4 mana vipers
  A will-o-the-wisp (Swamp:3)
  12 orc sorcerers
  10 salamanders
  15 ugly things
  4 cyclopes
  2 manticores (D:13)
  7 guardian serpents
  14 naga magi
  45 black mambas
  4 elephants
  2 molten gargoyles (Lair:6)
  13 cane toads
  An ice statue (IceCv)
  2 torpor snails
  2 gargoyles
  12 rime drakes
  3 kobold demonologists (D:12)
  14 komodo dragons
  6 burning bushes (Lair:2)
  A yaktaur (D:15)
  8 trolls
  A polar bear (shapeshifter) (D:13)
  A troll (shapeshifter) (D:13)
  9 hornets
  A bloated husk (Swamp:2)
  6 polar bears
  5 blink frogs (Lair:1)
  5 tyrant leeches
  2 slime creatures (D:15)
  8 dream sheep
  7 spriggans
  7 wraiths
  16 humans (D:14)
  5 basilisks
  3 wyverns
  63 yaks
  4 steam dragons
  14 vampire mosquitoes
  Edmund (D:6)
  2 wargs
  17 swamp worms
  2 acid dragons
  28 nagas
  11 water moccasins
  11 swamp drakes
  4 hell hounds (Lair:6)
  Duvessa (D:7)
  15 orc warriors
  4 ice beasts
  2 sky beasts
  2 black bears
  13 ogres
  12 centaurs
  23 wolves
  A necrophage (D:7)
  17 bullfrogs
  An earth elemental (D:14)
  A gnoll sergeant (D:12)
  2 scorpions
  Dowan (D:7)
  An electric eel (Snake:4)
  2 howler monkeys
  5 lava snakes (Lair:6)
  7 crimson imps (D:10)
  4 centaur zombies
  2 hounds
  A gnoll shaman (D:9)
  A jelly (D:5)
  9 orc priests
  2 bullfrog skeletons
  Jessica (D:13)
  28 orc wizards
  2 hell rats (Lair:6)
  A hound skeleton (D:4)
  A howler monkey zombie (D:5)
  11 gnolls
  6 adders
  7 river rats (Lair:6)
  2 shadow imps
  2 white imps
  An ufetubus (D:6)
  An adder skeleton (D:4)
  2 worms
  5 dart slugs
  61 orcs
  6 bats
  7 endoplasms
  2 giant cockroaches
  15 goblins
  6 hobgoblins
  9 jackals
  3 quokkas
  5 ball pythons
  3 frilled lizards
  14 kobolds
  13 rats
925 creatures vanquished.

Vanquished Creatures (others)
  A bog body (Swamp:1)
  A bloated husk (Swamp:1)
  42 fungi
  52 plants
96 creatures vanquished.

Grand Total: 1021 creatures vanquished

Notes
Turn   | Place    | Note
-------+----------+-------------------------------------------
     0 | D:1      | Armakuni the Human Conjurer began the quest for the Orb.
     0 | D:1      | Reached XP level 1. HP: 13/13 MP: 3/3
   190 | D:1      | Reached XP level 2. HP: 19/19 MP: 1/5
   193 | D:1      | Learned a level 2 spell: Searing Ray
   564 | D:1      | Reached XP level 3. HP: 24/24 MP: 3/6
   858 | D:1      | Found a faded altar of an unknown god.
  1181 | D:1      | Learned a level 1 spell: Apportation
  1603 | D:2      | Reached skill level 1 in Translocations
  1703 | D:2      | Reached XP level 4. HP: 29/30 MP: 1/8
  1795 | D:2      | Found a white marble altar of Elyvilon.
  2659 | D:3      | Reached XP level 5. HP: 35/35 MP: 6/9
  2673 | D:3      | Reached skill level 5 in Conjurations
  2990 | D:3      | Noticed an ogre
  3022 | D:3      | Killed an ogre
  3023 | D:3      | Reached XP level 6. HP: 11/41 MP: 0/11
  4029 | D:3      | Noticed a black bear
  4037 | D:3      | Killed a black bear
  4519 | D:4      | Noticed an ogre
  4527 | D:4      | Killed an ogre
  4528 | D:4      | Reached XP level 7. HP: 46/46 MP: 4/13
  4602 | D:4      | Learned a level 4 spell: Iskenderun's Mystic Blast
  4605 | D:4      | Learned a level 2 spell: Wereblood
  5384 | D:4      | Identified a scroll of acquirement
  5384 | D:4      | Acquired a +2 helmet of intelligence
  5394 | D:5      | Entered Level 5 of the Dungeon
  5395 | D:5      | Found Sucroch's CLEARANCE SALE!.
  5444 | D:5      | Identified the ring "Hacwegen" {rPois rCorr}
  5502 | D:5      | Reached skill level 5 in Spellcasting
  6201 | D:6      | Noticed Edmund
  6213 | D:6      | Killed Edmund
  6214 | D:6      | Reached XP level 8. HP: 52/52 MP: 1/16
  6363 | D:6      | Found a staircase to the Ecumenical Temple.
  6369 | Temple   | Entered the Ecumenical Temple
  6408 | Temple   | Became a worshipper of Vehumet
  6704 | D:6      | Identified the amulet "Beter" {rC+ rN+ Regen+}
  7438 | D:6      | Reached XP level 9. HP: 57/57 MP: 11/19
  7767 | D:7      | Found Beorit's Magic Scroll Shop.
  7853 | D:7      | Bought a scroll of fear for 42 gold pieces
  7853 | D:7      | Bought a scroll of enchant weapon for 90 gold pieces
  7948 | D:7      | Noticed Dowan
  7950 | D:7      | Noticed Duvessa
  7953 | D:7      | Killed Dowan
  7962 | D:7      | Killed Duvessa
  8214 | D:7      | Reached XP level 10. HP: 64/64 MP: 12/22
  8214 | D:7      | Reached * piety under Vehumet
  8214 | D:7      | Offered knowledge of Freeze by Vehumet.
  8225 | D:7      | Learned a level 5 spell: Fireball
  8482 | D:7      | Reached skill level 1 in Fighting
  8482 | D:7      | Reached skill level 1 in Maces & Flails
  8482 | D:7      | Reached skill level 1 in Armour
  8482 | D:7      | Reached skill level 1 in Evocations
  8524 | D:7      | Found a shimmering blue altar of Sif Muna.
  8810 | D:7      | Found a shimmering altar of Xom.
  8810 | D:7      | Found a shadowy altar of Dithmenos.
 10142 | D:8      | Reached skill level 1 in Fire Magic
 10567 | D:9      | Offered knowledge of Sandblast by Vehumet.
 10569 | D:9      | Reached ** piety under Vehumet
 10737 | D:9      | Reached skill level 2 in Fire Magic
 10827 | D:9      | Noticed a two-headed ogre
 10834 | D:9      | Reached skill level 3 in Fire Magic
 10835 | D:9      | Killed a two-headed ogre
 10836 | D:9      | Reached skill level 4 in Fire Magic
 10841 | D:9      | Reached skill level 5 in Fire Magic
 11175 | D:9      | Reached skill level 6 in Fire Magic
 11176 | D:9      | Reached XP level 11. HP: 62/73 MP: 7/23
 11401 | D:9      | Found a staircase to the Lair.
 11707 | D:10     | Entered Level 10 of the Dungeon
 11743 | Lair:1   | Entered Level 1 of the Lair of Beasts
 11754 | Lair:1   | Reached skill level 7 in Fire Magic
 11754 | Lair:1   | Offered knowledge of Scorch by Vehumet.
 11760 | Lair:1   | Reached skill level 8 in Fire Magic
 12210 | Lair:1   | Reached skill level 9 in Fire Magic
 12309 | Lair:1   | Reached *** piety under Vehumet
 12693 | Lair:2   | Noticed an elephant
 12944 | D:9      | Killed an elephant
 13062 | Lair:1   | Reached skill level 10 in Fire Magic
 13618 | Lair:2   | Learned a level 2 spell: Scorch
 13635 | Lair:2   | Reached XP level 12. HP: 67/80 MP: 2/25
 13637 | Lair:2   | Reached skill level 10 in Spellcasting
 14046 | Lair:2   | Offered knowledge of Stone Arrow by Vehumet.
 14065 | Lair:2   | Learned a level 3 spell: Mephitic Cloud
 14272 | Lair:2   | Reached skill level 11 in Fire Magic
 14736 | Lair:3   | Learned a level 8 spell: Ignition
 14826 | Lair:3   | Reached skill level 12 in Fire Magic
 15069 | Lair:3   | Reached **** piety under Vehumet
 15088 | Lair:3   | Offered knowledge of Conjure Flame by Vehumet.
 15300 | Lair:3   | Noticed a boulder beetle
 15319 | Lair:3   | Killed a boulder beetle
 15320 | Lair:3   | Reached skill level 13 in Fire Magic
 15513 | Lair:4   | Found a staircase to the Snake Pit.
 15538 | Lair:4   | Identified the +5 kite shield of the Gloaming {rPois Dex+3}
 15760 | Lair:4   | Reached XP level 13. HP: 78/85 MP: 6/27
 16125 | Lair:4   | Reached skill level 14 in Fire Magic
 16233 | Lair:4   | Noticed an eight-headed hydra
 16236 | Lair:4   | Killed an eight-headed hydra
 16246 | Lair:4   | Noticed a six-headed hydra
 16250 | Lair:4   | Killed a six-headed hydra
 16707 | Lair:4   | Found a staircase to the Swamp.
 16884 | Lair:5   | Noticed Snorg
 16899 | Lair:4   | Reached skill level 15 in Fire Magic
 16928 | Lair:5   | Killed Snorg
 17055 | Lair:5   | Found a dark tunnel.
 17061 | Volcano  | Entered a volcano
 17217 | Volcano  | Noticed a centaur warrior
 17220 | Volcano  | Killed a centaur warrior
 17259 | Volcano  | Noticed a red draconian
 17272 | Volcano  | Killed a red draconian
 17804 | Lair:5   | Identified the +9 quarterstaff of Ettuiman {speed, MP+9}
 18325 | Lair:6   | Entered Level 6 of the Lair of Beasts
 18329 | Lair:6   | Noticed an eight-headed hydra
 18331 | Lair:6   | Found a staircase to the Slime Pits.
 18332 | Lair:6   | Found a viscous altar of Jiyva.
 18337 | Lair:6   | Killed an eight-headed hydra
 18408 | Lair:6   | Reached ***** piety under Vehumet
 18535 | Lair:6   | Offered knowledge of Eringya's Noxious Bog by Vehumet.
 18708 | Lair:6   | Reached XP level 14. HP: 90/91 MP: 29/29
 18837 | Lair:6   | Reached skill level 16 in Fire Magic
 19111 | Lair:6   | Upgraded the game from 0.28-a0-872-g80cf8599ee to
                  | 0.28-a0-883-gc8d7bad45d
 19116 | Lair:6   | Found a large runed translucent door.
 19614 | Lair:6   | Found a large runed translucent door.
 19696 | Lair:6   | Acquired the ring "Dunlif" {Fly rElec Str+2}
 19702 | Lair:6   | Upgraded the game from 0.28-a0-883-gc8d7bad45d to
                  | 0.28-a0-906-g0406aca7d3
 20219 | D:10     | Found a blossoming altar of Fedhas.
 20254 | D:10     | Noticed Nergalle
 20263 | D:10     | Killed Nergalle
 21014 | D:10     | Identified the +8 pearl dragon scales of Gallantry {rPois
                  | rN+ Dex+2}
 21576 | D:11     | Found a staircase to the Orcish Mines.
 22183 | Orc:1    | Entered Level 1 of the Orcish Mines
 22183 | Orc:1    | Noticed Erolcha
 22187 | Orc:1    | Killed Erolcha
 22279 | Orc:2    | Entered Level 2 of the Orcish Mines
 22291 | Orc:1    | Offered knowledge of Spellforged Servitor by Vehumet.
 22483 | Orc:1    | Learned a level 7 spell: Spellforged Servitor
 22858 | Orc:2    | Found a staircase to the Elven Halls.
 22995 | Orc:2    | Found a shimmering blue altar of Sif Muna.
 23183 | Orc:2    | Reached XP level 15. HP: 96/96 MP: 31/33
 23218 | Orc:2    | Found Imiroyse's Distillery.
 23229 | Orc:2    | Found Ziqumag's Antique Weapon Boutique.
 23251 | Orc:2    | Found an ancient bone altar of Kikubaaqudgha.
 23395 | Orc:2    | Found a radiant altar of Vehumet.
 23417 | Orc:2    | Found Xani's Jewellery Shop.
 23551 | Orc:2    | Found Vaoklu's Antique Armour Shop.
 23562 | Orc:2    | Bought a runed scarf for 232 gold pieces
 23628 | Orc:2    | Bought a potion of lignification for 45 gold pieces
 23767 | Orc:2    | Got Sif Muna's Guide on Snow
 24060 | Orc:1    | Paralysed by an orc sorcerer for 6 turns
 24091 | Orc:1    | Reached skill level 17 in Fire Magic
 24433 | Orc:2    | Bought the ring of Astriukk {Fire Contam Will+++} for 413
                  | gold pieces
 26081 | D:13     | Noticed Sonja
 26083 | D:13     | Killed Sonja
 26090 | D:13     | Found a frozen archway.
 26100 | IceCv    | Entered an ice cave
 26171 | IceCv    | Reached skill level 18 in Fire Magic
 26346 | IceCv    | Reached ****** piety under Vehumet
 26530 | IceCv    | Noticed a frost giant
 26533 | IceCv    | Killed a frost giant
 26584 | IceCv    | Got the Almanac of Ice
 27168 | D:13     | Offered knowledge of Iskenderun's Battlesphere by Vehumet.
 27169 | D:13     | Reached skill level 19 in Fire Magic
 27306 | D:13     | Noticed Jessica
 27307 | D:13     | Found a sparkling altar of Nemelex Xobeh.
 27308 | D:13     | Killed Jessica
 27446 | D:14     | Found a gate to the Vaults.
 27448 | D:14     | Reached XP level 16. HP: 102/102 MP: 34/34
 28157 | D:14     | Found Wuobrifo's Weapon Boutique.
 28408 | D:14     | Found Qileom's Pet Rocks.
 28412 | D:14     | Bought a book of Iron for 648 gold pieces
 28412 | D:14     | Bought a wand of digging (5) for 324 gold pieces
 28421 | D:14     | Learned a level 6 spell: Iron Shot
 28587 | D:15     | Entered Level 15 of the Dungeon
 28629 | D:15     | Found a staircase to the Depths.
 28637 | D:15     | Noticed Josephine
 28643 | D:15     | Reached skill level 1 in Earth Magic
 28657 | D:15     | Killed Josephine
 29290 | D:15     | Identified the +7 shortbow "Ronezxyoh" {vorpal, +Blink rF+
                  | rC+ Stlth+}
 29294 | D:15     | Reached skill level 5 in Earth Magic
 29296 | D:15     | Offered knowledge of Lightning Bolt by Vehumet.
 29508 | D:15     | Found a white marble altar of Elyvilon.
 30136 | Lair:1   | Upgraded the game from 0.28-a0-906-g0406aca7d3 to
                  | 0.28-a0-932-g843f935a50
 30238 | Swamp:1  | Entered Level 1 of the Swamp
 31509 | Swamp:2  | Upgraded the game from 0.28-a0-932-g843f935a50 to
                  | 0.28-a0-938-gbc3f381ebc
 31551 | Swamp:2  | Reached XP level 17. HP: 107/107 MP: 34/35
 31812 | Swamp:3  | Noticed a tentacled monstrosity
 31813 | Swamp:3  | Noticed a tentacled monstrosity
 31820 | Swamp:3  | Reached skill level 10 in Earth Magic
 32046 | Swamp:3  | Reached skill level 10 in Conjurations
 32522 | Swamp:3  | Killed a tentacled monstrosity
 32535 | Swamp:3  | Offered knowledge of Irradiate by Vehumet.
 32542 | Swamp:3  | Learned a level 5 spell: Freezing Cloud
 32642 | Swamp:3  | Killed a tentacled monstrosity
 32840 | Swamp:3  | Noticed a thorn hunter
 32844 | Swamp:3  | Killed a thorn hunter
 33023 | Swamp:4  | Entered Level 4 of the Swamp
 34246 | Swamp:4  | Got a decaying rune of Zot
 34624 | Snake:1  | Entered Level 1 of the Snake Pit
 34928 | Snake:1  | Reached XP level 18. HP: 104/114 MP: 31/36
 35387 | Snake:1  | Offered knowledge of Ozocubu's Refrigeration by Vehumet.
 35398 | Snake:1  | Reached skill level 15 in Conjurations
 36082 | Snake:2  | Reached skill level 15 in Spellcasting
 36173 | Snake:2  | Learned a level 7 spell: Orb of Destruction
 37647 | Snake:3  | Found a gateway to a bazaar.
 38909 | Snake:4  | Entered Level 4 of the Snake Pit
 38966 | Snake:4  | Offered knowledge of Maxwell's Capacitive Coupling by
                  | Vehumet.
 38973 | Snake:4  | Reached skill level 5 in Fighting
 38973 | Snake:4  | Reached skill level 5 in Armour
 39096 | Snake:4  | Reached skill level 1 in Summonings
 39181 | Snake:4  | Found Laguy's Distillery.
 39347 | Snake:4  | Reached XP level 19. HP: 126/126 MP: 39/39
 39619 | Snake:4  | Reached skill level 5 in Summonings
 39726 | Snake:4  | Got a serpentine rune of Zot
 39780 | Snake:4  | Found Getiw's Distillery.
 39782 | Snake:4  | Found Wapum's Magic Scroll Shop.
 39785 | Snake:4  | Found Hurchute's Antique Armour Boutique.
 39788 | Snake:4  | Bought a potion of heal wounds for 65 gold pieces
 39790 | Snake:4  | Bought a scroll of acquirement for 572 gold pieces
 39793 | Snake:4  | Acquired 571 gold pieces
 39796 | Snake:4  | Bought a pair of embroidered gloves for 292 gold pieces
 39799 | Snake:4  | Bought 2 scrolls of blinking for 165 gold pieces
 39799 | Snake:4  | Bought a scroll of teleportation for 33 gold pieces
 39799 | Snake:4  | Bought a scroll of summoning for 104 gold pieces
 39799 | Snake:4  | Bought a scroll of fog for 22 gold pieces
 39799 | Snake:4  | Bought a scroll of amnesia for 38 gold pieces
 39801 | Snake:4  | Bought a potion of mutation for 104 gold pieces
 39801 | Snake:4  | Bought a potion of ambrosia for 104 gold pieces
 39801 | Snake:4  | Bought a potion of ambrosia for 104 gold pieces
 39804 | Snake:4  | Bought a potion of lignification for 39 gold pieces
 40634 | Snake:4  | Noticed Nikola
 40638 | Snake:4  | Killed from afar by Nikola

Illustrated notes

Levels and vault maps discovered:
D:1:      dpeg_arrival_subterranean_lakeside_camping, layout_basic,
          hellmonk_ecumenical_altar_crossroads, minmay_crystal_room
D:2:      layout_rooms, basic_altar
D:3:      layout_basic, minmay_ogre_servants
D:4:      layout_layer_cave
D:5:      layout_rooms, eino_tiny_chamber, minmay_misc_feat_iff,
          nicolae_shop_clearance
D:6:      layout_loops_corners, temple_green, corner_web_ring, uniq_edmund
D:7:      layout_layer_cave, mainiacjoe_overflow_divided_tiny,
          marbit_many_paths, serial_shops, shop_scrolls,
          eino_small_chamber_without_monster, uniq_duvessa
D:8:      layout_basic, chequers_garden
D:9:      layout_stronghold, grunt_lair_entry_orc_guard_hut
D:10:     layout_irregular_city, fedhas_altar_1, minmay_nine_imps, uniq_nergalle
D:11:     layout_basic, orc_0_dummy
D:12:     layout_grid_maze
D:13:     layout_big_octagon, portal_ice_cave_rime, nemelex_lonely_heart_becter,
          uniq_sonja
D:14:     layout_loops_ring, david_vaults_3, serial_shops, shop_coins,
          hangedman_decor_clover_reticule, guppyfry_shop_earth
D:15:     hangedman_depths_entry_try_elsewhere_first, layout_irregular_city,
          elyvilon_altar_4, uniq_josephine
Temple:   compressed_dpeg_circular_temple
Lair:1:   layout_concentric_octagons
Lair:2:   layout_chaotic_city, serial_bayou_pond_a, evilmike_ambush
          [evilmike_ambush_outer_basic, evilmike_ambush_inner_basic]
Lair:3:   layout_roguey, infiniplex_staircase_pool_2
Lair:4:   layout_cave_pods, palyth_hydra_swamp_entry, dummy_snake_entry,
          beast_lair_carwin_11
Lair:5:   layout_roguey, enter_volcano_1, uniq_snorg
Lair:6:   cheibrodos_lair_end_hotspot, layout_long_grid, slime_altar_1,
          kennysheep_rathole
Swamp:1:  layout_falls_marsh, evilmike_swamp_ruin_rubble_2, swamp_pool4
Swamp:2:  layout_basic_swamp, nicolae_swamp_oxbows
Swamp:3:  layout_basic_swamp, serial_swamp_ruin, hangedman_swamp_ruin_wall,
          evilmike_swamp_ruin_house_6
Swamp:4:  swamp, layout_basic_swamp
Snake:1:  hangedman_cross_veins, layout_misc_corridors
Snake:2:  layout_misc_corridors
Snake:3:  layout_layer_cave, serial_shops, bzr_entry_islet
Snake:4:  hellmonk_snake_rune_quicksilver_temple, layout_concentric_octagons,
          serial_shops, nicolae_lakefront_shop, guppyfry_snake_island,
          minmay_shop_star, uniq_nikola
Orc:1:    layout_caves, mines4_lemuel, uniq_erolcha
Orc:2:    kennysheep_orc_mage_school, layout_caves, led_sif_book

Skill      XL: |  1  2  3  4  5  6  7  8  9 10 11 12 13 14 15 16 17 18 19 |
---------------+----------------------------------------------------------+-----
Translocations | 1 2 |  2.0
Spellcasting   | 3 4 5 6 8 9 10 11 14 16 | 16.0
Conjurations   | 5 6 7 8 9 14 15 | 15.0
Fighting       | 2 5 |  5.1
Maces & Flails | 2 |  2.5
Armour         | 2 5 6 |  6.2
Evocations     | 2 |  2.5
Dodging        | 3 |  3.3
Fire Magic     | 6 10 13 15 16 19 | 19.8
Earth Magic    | 9 10 | 10.0
Summonings     | 3 6 |  6.0
Stealth        | |  2.0

Action                   |  1- 3 |  4- 6 |  7- 9 | 10-12 | 13-15 | 16-18 | 19-21 || total
-------------------------+-------+-------+-------+-------+-------+-------+-------++-------
Melee: Unarmed           |    27 |       |       |       |       |       |       ||    27
       Dagger            |    14 |    52 |    16 |     4 |       |       |       ||    86
       Dire flail        |       |       |       |    64 |    25 |       |       ||    89
       Quarterstaff      |       |       |       |       |   162 |    70 |     5 ||   237
       Broad axe         |       |       |       |       |     4 |       |       ||     4
Throw: Dart              |       |       |       |     2 |       |     3 |       ||     5
 Cast: Magic Dart        |     8 |       |       |       |       |       |       ||     8
       Searing Ray       |    26 |    40 |    57 |    65 |    29 |     2 |       ||   219
       Iskenderun's Myst |       |       |     3 |    33 |    68 |    91 |     9 ||   204
       Fireball          |       |       |       |    52 |   181 |   241 |    37 ||   511
       Scorch            |       |       |       |     4 |    73 |   117 |    20 ||   214
       Mephitic Cloud    |       |       |       |     2 |       |       |       ||     2
       Ignition          |       |       |       |       |    18 |    24 |       ||    42
       Iron Shot         |       |       |       |       |       |    50 |     2 ||    52
       Orb of Destructio |       |       |       |       |       |    13 |     3 ||    16
Evoke: Wand              |       |     3 |     9 |    16 |    13 |    41 |     3 ||    85
       Phantom mirror    |       |       |       |       |     1 |     1 |       ||     2
       Lightning rod     |       |       |       |       |     3 |       |       ||     3
       Phial of floods   |       |       |       |       |       |     1 |       ||     1
  Use: Scroll            |     2 |     5 |     9 |     8 |    15 |    12 |     2 ||    53
       Potion            |       |       |       |       |     2 |     1 |       ||     3
 Stab: Paralysed         |       |       |       |       |     2 |       |       ||     2
Armor: Robe              |    43 |    14 |    23 |    63 |    77 |       |       ||   220
       Troll leather arm |       |       |       |       |    25 |    41 |       ||    66
       Swamp dragon scal |       |       |       |       |       |    46 |    13 ||    59
Dodge: Dodged            |    65 |    36 |    34 |   101 |   127 |   149 |     8 ||   520
       Repelled          |       |       |       |       |     2 |    21 |     2 ||    25

Table legend: (Time is in decaauts)
 A = Elapsed time spent in this place.
 B = Non-inter-level travel time spent in this place.
 C = Inter-level travel time spent in this place.
 D = Time resting spent in this place.
 E = Time spent auto-exploring this place.
 F = Levels seen in this place.
 G = Mean time per level.
                   A        B        C        D        E       F      G
               +--------+--------+--------+--------+--------+-----+--------+
         Total |  40891 |  38708 |   2183 |  11582 |  20763 |  34 | 1202.7 |
       Dungeon |  18473 |  17546 |    927 |   4073 |  10863 |  15 | 1231.5 |
        Temple |     85 |     71 |     14 |      0 |     52 |   1 |   85.0 |
          Lair |   8495 |   7850 |    645 |   2584 |   3786 |   6 | 1415.8 |
         Swamp |   4278 |   3992 |    286 |   1512 |   1807 |   4 | 1069.5 |
     Snake Pit |   6019 |   5948 |     71 |   2219 |   2887 |   4 | 1504.8 |
  Orcish Mines |   2367 |   2128 |    239 |    737 |    987 |   2 | 1183.5 |
      Ice Cave |    839 |    839 |      0 |    377 |    259 |   1 |  839.0 |
       Volcano |    330 |    330 |      0 |     79 |    120 |   1 |  330.0 |
               +--------+--------+--------+--------+--------+-----+--------+

Top non-repeatable levels by time:
  Lair:6: 1758 daAuts
   Orc:2: 1687 daAuts
 Snake:3: 1646 daAuts
     D:3: 1588 daAuts
 Swamp:3: 1588 daAuts
 Snake:4: 1580 daAuts
  Lair:1: 1568 daAuts
  Lair:4: 1563 daAuts
     D:1: 1557 daAuts
  Lair:2: 1539 daAuts
     D:4: 1498 daAuts
     D:6: 1473 daAuts
 Snake:1: 1422 daAuts
     D:8: 1419 daAuts
     D:7: 1383 daAuts
